 Dungeon Crawl Stone Soup version 0.26.0-10-g1f06aea511 (webtiles) character file.

Game seed: 16346527952459258903

160 Borgoz the Slasher (level 5, -4/45 HPs)
             Began as a Ghoul Gladiator on Jan 18, 2021.
             Slain by Sigmund
             ... wielding a +0 scythe
              (7 damage)
             ... on level 3 of the Dungeon.
             The game lasted 00:01:41 (1729 turns).

Borgoz the Slasher (Ghoul Gladiator)                Turns: 1729, Time: 00:01:41

Health: -4/45      AC:  6    Str: 16 (18) XL:     5   Next: 41%
Magic:  4/4        EV: 11    Int:  1 (3)  God:
Gold:   149        SH:  0    Dex:  9 (11) Spells: 4/4 levels left

rFire    . . .     SeeInvis .   a - +0 long sword
rCold    + . .     Faith    +   (no shield)
rNeg     + + +     Spirit   .   f - +0 ring mail
rPois    ∞         Reflect  .   c - +0 helmet
rElec    .         Harm     .   (no cloak)
rCorr    .         Rampage  .   (no gloves)
Will     .....                  (no boots)
Stlth    ..........             n - amulet of faith
HPRegen  0.00/turn              (no ring)
MPRegen  0.09/turn              (no ring)

@: no status effects
A: claws 1, cold resistance 1, negative energy resistance 3, inhibited
regeneration, torment resistance, unbreathing
a: no special abilities


You were on level 3 of the Dungeon.
You visited 1 branch of the dungeon, and saw 3 of its levels.

You collected 149 gold pieces.

Inventory:

Hand Weapons
 a - a +0 long sword (weapon)
Missiles
 d - 3 throwing nets (quivered)
Armour
 c - a +0 helmet (worn)
 f - a +0 ring mail (worn)
Jewellery
 n - an amulet of faith (around neck)
Scrolls
 b - 3 scrolls of remove curse {unknown}
 h - 2 scrolls of identify {unknown}
 j - a scroll of immolation {unknown}
Potions
 i - 2 potions of heal wounds {unknown}
 k - a potion of invisibility {unknown}
 l - a potion of magic {unknown}
 m - a potion of cancellation {unknown}


   Skills:
 + Level 3.1 Fighting
 * Level 3.7 Long Blades
 - Level 1.7 Throwing
 * Level 2.4 Armour
 + Level 3.2 Dodging


You had 4 spell levels left.
You didn't know any spells.
Your spell library was empty.

Dungeon Overview and Level Annotations

Branches:
Dungeon (3/15)

Altars:
Fedhas
Uskayaw

Annotations:
D:3 Sigmund


Innate Abilities, Weirdness & Mutations

You thrive by killing the living.
You are immune to poison.
You have sharp fingernails.
Your flesh is cold resistant. (rC+)
You are immune to negative energy. (rN+++)
You do not regenerate when monsters are visible.
You are immune to unholy pain and torment.
You can survive without breathing.


Message History

The orc wizard is heavily wounded.
The orc wizard barely misses you.
You riposte.
You hit the orc wizard.
The orc wizard is heavily wounded.
The orc wizard closely misses you.
You riposte.
You barely miss the orc wizard.
The orc wizard is heavily wounded.
You hit the orc wizard.
The orc wizard is almost dead.
The orc wizard hits you but does no damage.
Something hits you but does no damage. The orc wizard casts a spell at you.
The puff of frost hits you. You resist.
* * * LOW HITPOINT WARNING * * *
It was a potion of degeneration.
There was something very wrong with that liquid.
You feel weakened.
You feel dopey.
You feel clumsy.
The orc wizard points at you and mumbles some strange words.
The puff of flame hits you!
* * * LOW HITPOINT WARNING * * *
Something hits you!
You die...

.^.......#
........#
#.......#
#.......#
#.......#
#.......###
#.oS†......
#o# #@# #.#
#.# #.#
########'##
#.........#
#.........#
#.........#
#.........#


You could see an orc wizard (fast), an adder and an orc.

Vanquished Creatures
  2 orc wizards (D:3)
  3 adders (D:2)
  3 worms
  4 dart slugs
  3 leopard geckos
  2 orcs (D:3)
  4 bats
  2 giant cockroaches (D:1)
  5 goblins
  4 hobgoblins (D:1)
  8 jackals
  6 kobolds
  2 quokkas (D:2)
  2 ball pythons (D:1)
  4 frilled lizards
  A leopard gecko skeleton (D:2)
  5 rats
60 creatures vanquished.

Notes
Turn   | Place    | Note
-------+----------+-------------------------------------------
     0 | D:1      | Borgoz the Ghoul Gladiator began the quest for the Orb.
     0 | D:1      | Reached XP level 1. HP: 17/17 MP: 0/0
    63 | D:1      | Reached XP level 2. HP: 25/25 MP: 1/1
   154 | D:1      | Reached skill level 1 in Armour
   380 | D:1      | Reached XP level 3. HP: 30/30 MP: 2/2
   964 | D:2      | Reached XP level 4. HP: 36/37 MP: 3/3
  1131 | D:2      | Found a blossoming altar of Fedhas.
  1321 | D:2      | Found a hide-covered altar of Uskayaw.
  1707 | D:3      | Noticed Sigmund
  1716 | D:3      | Reached XP level 5. HP: 41/45 MP: 4/4
  1729 | D:3      | Slain by Sigmund

Illustrated notes

Levels and vault maps discovered:
D:1:      sevenhm_arrival_forest_fort_small_6, layout_basic, minivault_11
D:2:      layout_basic, marbit_many_paths, serial_bayou_pond_d,
          fedhas_altar_fruit_tree
D:3:      layout_basic, uniq_sigmund

Skill      XL: |  1  2  3  4 |
---------------+-------------+-----
Armour         | 1 2 |  2.4
Long Blades    | 3 |  3.7
Dodging        | 3 |  3.2
Fighting       | 3 |  3.1
Throwing       | |  1.7

Action                   |  1- 3 |  4- 6 || total
-------------------------+-------+-------++-------
Melee: Long sword        |    79 |    97 ||   176
  Use: Potion            |       |     3 ||     3
Armor: Leather armour    |    14 |       ||    14
       Ring mail         |    27 |    43 ||    70
Dodge: Dodged            |    63 |    75 ||   138
       Rpst.: Long sword |    22 |    33 ||    55
